 Dungeon Crawl Stone Soup version 0.29.1-15-g9cfb28693d (webtiles) character file.

Game seed: 1382983991179424856

653 Ihaveafatcat the Ruffian (level 7, -1/58 HPs)
             Began as a Yellow Draconian Transmuter on Mar 29, 2023.
             Was an Initiate of Gozag.
             Succumbed to a water moccasin's poison
             ... on level 5 of the Dungeon.
             The game lasted 00:11:39 (5253 turns).

Ihaveafatcat the Ruffian (DrTm)                     Turns: 5253, Time: 00:11:40

Health: -1/58      AC: 10    Str: 14    XL:     7   Next: 28%
Magic:  12/12      EV: 13    Int: 14    God:    Gozag
Gold:   232        SH:  0    Dex: 17    Spells: 12/13 levels left

rFire   + . .      SeeInvis .   j - +5 lochaber axe {reach-cleave, poleaxe}
rCold   + . .      Faith    +   (shield currently unavailable)
rNeg    . . .      Spirit   .   (body armour unavailable)
rPois   .          Reflect  .   (helmet restricted)
rElec   .          Harm     .   g - scarf {rC+ rF+}
rCorr   +          Rampage  .   (no gloves)
Will    .....                   (no boots)
Stlth   ++........              b - amulet of faith
HPRegen 0.19/turn               l - +4 ring of protection
MPRegen 0.13/turn               m - +6 ring of dexterity

@: lethally poisoned (-1 -> -12), gold aura
A: spit acid, AC +6, unfitting armour, cold-blooded, acid resistance
a: Breathe Acid, Renounce Religion, Potion Petition, Call Merchant, Bribe Branch


You were on level 5 of the Dungeon.
You worshipped Gozag.
Gozag was aware of your devotion.
You visited 2 branches of the dungeon, and saw 6 of its levels.

You collected 304 gold pieces.
You paid 72 gold pieces to Gozag.

Inventory:

Hand Weapons
 e - a +2 short sword of electrocution
 j - the +5 lochaber axe (weapon) {reach-cleave, poleaxe}
   (You acquired it on level 4 of the Dungeon)

   It can be evoked to extend its reach, and strikes at all foes within reach,
   dealing less damage to those not targeted.
   It uses either Axes or Polearms skill, whichever is higher.
 n - a +0 short sword of electrocution
 q - a +0 spectral falchion
Armour
 g - a scarf of resistance (worn)
Jewellery
 b - an amulet of faith (around neck)
 c - a ring of positive energy
 l - a +4 ring of protection (left hand)
 m - a +6 ring of dexterity (right hand)
 o - a ring of ice
 r - a +6 ring of dexterity
Wands
 k - a wand of mindburst (9)
Scrolls
 d - a scroll of magic mapping
 f - 3 scrolls of teleportation
 i - 3 scrolls of enchant armour
 s - 2 scrolls of identify
Potions
 a - 2 potions of lignification
 h - 4 potions of heal wounds
 p - a potion of haste {unknown}
 t - a potion of cancellation {unknown}
 u - a potion of berserk rage {unknown}


   Skills:
 + Level 3.9 Fighting
 + Level 3.6 Dodging
 + Level 4.6 Unarmed Combat
 + Level 3.7 Spellcasting
 + Level 4.0 Transmutations


You had 12 spell levels left.
You knew the following spells:

 Your Spells              Type           Power      Damage    Failure   Level
a - Beastly Appendage     Tmut           26%        N/A       3%          1

Your spell library contained the following spells:

 Spells                   Type           Power      Damage    Failure   Level
 Wereblood                Tmut           13%        N/A       6%          2
 Spider Form              Tmut/Pois      8%         N/A       26%         3
 Ozocubu's Armour         Ice            2%         N/A       52%         3
 Ice Form                 Ice/Tmut       8%         N/A       65%         4
 Metabolic Englaciation   Hex/Ice        1%         N/A       99%         5
 Ozocubu's Refrigeration  Ice            1%         4d7       100%        7
 Simulacrum               Ice/Necr       Unusable   N/A       N/A         6

Dungeon Overview and Level Annotations

Branches:
Dungeon (5/15)             Temple (1/1) D:5

Altars:
Ashenzari
Gozag
Hepliaklqana
Qazlal
Uskayaw
Wu Jian
Xom
The Shining One

Annotations:
D:2 1 runed translucent door, Crazy Yiuf
D:3 3 runed translucent doors, BeingJoeMalik's ghost, weakling TeFi


Innate Abilities, Weirdness & Mutations

You can spit globs of acid.
Your golden yellow scales are hard. (AC +6)
You cannot fit into any form of body armour.
You are cold-blooded and may be slowed by cold attacks.
You are resistant to acid. (rCorr)


Message History

A water moccasin is nearby!
A water moccasin is nearby!
You closely miss the water moccasin.
The water moccasin bites you but does no damage. x3
A water moccasin is nearby!
You closely miss the water moccasin. The water moccasin closely misses you.
The water moccasin misses you. The water moccasin closely misses you.
You closely miss the water moccasin. The water moccasin barely misses you.
The water moccasin bites you.
You are poisoned.
The water moccasin poisons you!
A water moccasin is nearby!
You slash the water moccasin!
The water moccasin is moderately wounded.
You feel extremely sick. The water moccasin bites you.
You are more poisoned.
The water moccasin poisons you!
The water moccasin bites you but does no damage.
The water moccasin bites you.
You are lethally poisoned!
The water moccasin poisons you!
You feel extremely sick. The water moccasin misses you.
The water moccasin bites you but does no damage.
You miss the water moccasin.
The water moccasin is moderately wounded.
* * * LOW HITPOINT WARNING * * *
You feel extremely sick.
The water moccasin barely misses you. x2
You slice the water moccasin!!
You kill the water moccasin!
* * * LOW HITPOINT WARNING * * *
You feel extremely sick.
Your Transmutations skill increases to level 4!
* * * LOW HITPOINT WARNING * * *
You feel very sick.
You see here 4 gold pieces.
You die...
Your body crumbles into a pile of gold.

........# # .......#
..###......############# ###
..............()....... ...
#........######.######
.####### ##.#......#
#.....##### .#.....# ..
#......###.....#....
#.....###.#
#..@$..#.......#.###
#.......#.#
#####.##.#.....#.#
#.....#...# #....#.....#.#
##.....#<)## ############.#
###.###..## #.........# #...#
#[## ###..######## #.###
#.###########.......### ).###
#..........##.........#
#...###...................#.#


There were no monsters in sight!

Vanquished Creatures
  A water moccasin (D:5)
  A black bear (D:5)
  An ogre (D:4)
  A necrophage (D:5)
  A jelly (D:4)
  An orc priest (D:4)
  2 iguanas (D:5)
  An orc wizard (D:5)
  6 adders
  An ufetubus (D:5)
  A worm (D:4)
  3 dart slugs
  14 orcs
  4 bats
  7 endoplasms
  A giant cockroach (D:1)
  6 goblins
  8 hobgoblins
  3 jackals (D:2)
  6 kobolds
  8 quokkas
  4 ball pythons
  6 frilled lizards
  5 rats
92 creatures vanquished.

Notes
Turn   | Place    | Note
-------+----------+-------------------------------------------
     0 | D:1      | Ihaveafatcat the Draconian Transmuter began the quest for
                  | the Orb.
     0 | D:1      | Reached XP level 1. HP: 16/16 MP: 3/3
   239 | D:1      | Reached XP level 2. HP: 22/23 MP: 5/5
  1131 | D:1      | You fall into a shaft and drop 1 floor!
  1290 | D:2      | Reached XP level 3. HP: 29/29 MP: 6/6
  1970 | D:2      | Found a runed translucent door.
  1971 | D:2      | Noticed Crazy Yiuf
  2581 | D:3      | Found a runed translucent gate.
  2582 | D:3      | Found a runed translucent gate.
  2583 | D:3      | Found a runed translucent gate.
  2585 | D:3      | Noticed BeingJoeMalik's ghost (weakling TeFi)
  2794 | D:3      | Found a faded altar of an unknown god.
  2808 | D:3      | Reached XP level 4. HP: 33/36 MP: 7/7
  3523 | D:4      | Reached XP level 5. HP: 42/42 MP: 7/9
  3581 | D:4      | Noticed an ogre
  3587 | D:4      | Killed an ogre
  3762 | D:4      | Identified a scroll of acquirement
  3792 | D:4      | Acquired the +5 lochaber axe {reach-cleave, poleaxe}
  3792 | D:4      | Found the +5 lochaber axe {reach-cleave, poleaxe}
  3891 | D:4      | Reached XP level 6. HP: 51/51 MP: 10/10
  4049 | D:5      | Entered Level 5 of the Dungeon
  4842 | D:5      | Found a staircase to the Ecumenical Temple.
  4867 | Temple   | Entered the Ecumenical Temple
  4888 | Temple   | Became a worshipper of Gozag Ym Sagoz the Greedy
  5123 | D:5      | Your scales start taking on a golden yellow colour.
  5123 | D:5      | Reached XP level 7. HP: 49/58 MP: 12/12
  5123 | D:5      | Gained mutation: You are resistant to acid. (rCorr) [Yellow
                  | Draconian growth]
  5252 | D:5      | HP: 2/58 [poisoned by a water moccasin]
  5253 | D:5      | Succumbed to a water moccasin's poison

Illustrated notes

Levels and vault maps discovered:
D:1:      dpeg_arrival_brainrot, layout_basic
D:2:      layout_basic, uniq_crazy_yiuf_cottage
D:3:      layout_rooms, ebering_ghost_rock_garden,
          chequers_ecumenical_altar_simple
D:4:      layout_basic
D:5:      layout_rooms, minmay_temple_entry_large_hall, serial_co_window_serial,
          co_window_paths_b, co_window_paths_b, co_window_paths_a,
          co_window_paths_a, co_window_paths_a, co_window_corner_b,
          co_window_corner_b, co_window_broadway_b, co_window_paths_c,
          co_window_paths_c
Temple:   hellmonk_temple_two_chambers

Skill      XL: |  1  2  3  4  5  6  7 |
---------------+----------------------+-----
Dodging        | 2 3 |  3.6
Fighting       | 2 3 |  3.9
Spellcasting   | 3 |  3.7
Transmutations | 3 4 |  4.0
Unarmed Combat | 4 |  4.6

Action                   |  1- 3 |  4- 6 |  7- 9 || total
-------------------------+-------+-------+-------++-------
Melee: Unarmed           |   163 |       |       ||   163
       Tailslap          |    11 |     8 |       ||    19
       Short sword       |    15 |    60 |       ||    75
       Punch             |     1 |     3 |       ||     4
       Lochaber axe      |       |    45 |    12 ||    57
       Falchion          |       |     4 |       ||     4
  Use: Scroll            |     5 |     4 |       ||     9
       Potion            |     3 |     3 |       ||     6
 Stab: Sleeping          |     2 |     1 |       ||     3
Armor: Skin              |    47 |    46 |     7 ||   100
Dodge: Dodged            |   125 |    86 |    13 ||   224
